 Dungeon Crawl Stone Soup version 0.20.0-15-g7f486f2 (webtiles) character file.

193769 Mellonil the Warrior (level 17, -16/170 HPs)
             Began as a Minotaur Berserker on June 12, 2017.
             Was the Champion of Trog.
             Killed by the air
             ... invoked by Sojobo
              (17 damage)
             ... on level 1 of the Depths on June 15, 2017.
             The game lasted 03:27:59 (31525 turns).

Mellonil the Warrior (Minotaur Berserker)          Turns: 31525, Time: 03:28:01

Health: -16/170    AC: 20    Str: 31    XL:     17   Next: 65%
Magic:  16/16      EV: 13    Int:  7    God:    Trog [******]
Gold:   2995       SH:  0    Dex: 15    Spells: 16/16 levels left

rFire    . . .     SeeInvis .   S - +6 executioner's axe (chop)
rCold    . . .     Gourm    .   (shield currently unavailable)
rNeg     . . .     Faith    .   D - +4 plate armour {rPois}
rPois    +         Spirit   .   d - +2 hat
rElec    .         Reflect  .   M - +1 cloak {+Inv}
rCorr    .         Harm     .   Q - +2 pair of gloves of Past Mistakes {Dex+5}
MR       ++...                  C - +0 pair of boots
Stlth    ..........             i - amulet of regeneration
Regen    0.8/turn               J - ring of protection from magic
MPRegen  0.2/turn               a - +3 ring of strength

@: lethally poisoned (-16 -> -21), corroded, drained
A: retaliatory headbutt, horns 2, talons 1, clever 1, deformed body
}: 1/15 runes: decaying
a: Berserk, Trog's Hand, Brothers in Arms, Burn Spellbooks, Renounce Religion,
Evoke Invisibility


You were on level 1 of the Depths.
You worshipped Trog.
Trog was exalted by your worship.
You were not hungry.

You visited 6 branches of the dungeon, and saw 30 of its levels.

You collected 2995 gold pieces.

Inventory:

Hand Weapons
 L - a +1 broad axe of flaming
 S - a +6 executioner's axe of chopping (weapon)
Missiles
 T - 6 tomahawks of returning (quivered)
Armour
 d - a +2 hat (worn)
 C - a +0 pair of boots (worn)
 D - a +4 plate armour of poison resistance (worn)
 M - a +1 cloak of invisibility (worn)
 Q - the +2 pair of gloves of Past Mistakes (worn) {Dex+5}
   (You took it off Nikola on level 3 of the Swamp)

   It affects your dexterity (+5).
Jewellery
 a - a +3 ring of strength (right hand)
 i - an amulet of regeneration (around neck)
 n - a +3 ring of dexterity
 w - an uncursed ring of resist corrosion
 E - an uncursed ring of protection from magic
 J - a ring of protection from magic (left hand)
 P - an uncursed ring of flight
 R - an uncursed ring of protection from cold
 V - an uncursed ring of see invisible
 Z - a +4 ring of intelligence
Wands
 j - a wand of disintegration (24/24)
Scrolls
 b - 18 scrolls of remove curse
 m - 15 scrolls of teleportation
 o - 8 scrolls of identify
 r - 2 scrolls of fear
 t - 3 scrolls of blinking
 v - a scroll of enchant armour
 A - a scroll of summoning
 B - 3 scrolls of fog
 G - 2 scrolls of silence
 N - a scroll of enchant weapon
 O - 6 scrolls of magic mapping
Potions
 e - 2 potions of invisibility
 k - a potion of cancellation {unknown}
 l - 6 potions of curing
 p - 6 potions of resistance
 q - 5 potions of heal wounds
 s - 7 potions of agility
 u - 3 potions of mutation
 z - 2 potions of haste
 F - 3 potions of flight
 K - a potion of brilliance
 W - a potion of might
Comestibles
 c - 15 bread rations
 f - 12 fruits
 g - 18 meat rations
 h - 17 royal jellies


   Skills:
 * Level 19.9(19.5) Fighting
 * Level 19.5(19.1) Axes
 - Level 10.5(10.1) Throwing
 * Level 19.4(18.9) Armour
 + Level 7.9(7.6) Dodging


You had 16 spell levels left.
You didn't know any spells.

Dungeon Overview and Level Annotations

Branches:
Dungeon (15/15)            Temple (0/1) D:4            Lair (6/6) D:10
  Swamp (4/4) Lair:2       Spider (2/4) Lair:2        Slime (0/5) Lair:5
    Orc (2/2) D:9             Elf (0/3) Orc:2        Vaults (0/5) D:14
 Depths (1/5) D:15

Altars:
Ashenzari
Cheibriados
Nemelex Xobeh
Ru
Beogh

Shops:
D:4 (   D:5 }   D:15 %   Orc:2 ([}}

Annotations:
Depths:1 Sojobo


Innate Abilities, Weirdness & Mutations

You reflexively headbutt those who attack you in melee.
You have a pair of horns on your head.
You have sharp toenails.
Your mind is acute. (Int +2)
Armour fits poorly on your strangely shaped body.


Message History

You resist.
The battlesphere fires!
The barrage of energy hits you! Something hits you but does no damage.
Something bites you but does no damage. The tengu reaver casts a spell at you.
The bolt of acid hits you! The acid corrodes you!
You are splashed with acid!
The acid burns!
The battlesphere fires!
The barrage of energy hits you!
A rakshasa and Sojobo come into view.
Sojobo is wielding a great sword of electrocution.
You feel sick.
The tengu reaver gestures at you while chanting.
The bolt of acid hits you! The acid corrodes you!
You are splashed with acid!
The acid burns!
* * * LOW HITPOINT WARNING * * *
The battlesphere fires!
The barrage of energy hits you!
* * * LOW HITPOINT WARNING * * *
The fire dragon breathes flames at you. The blast of flame hits you!
* * * LOW HITPOINT WARNING * * *
Sojobo waves her feathered arms in wide circles.
The air twists around and strikes you!
You die...

## ### ####.#
..##
......##...#
.R.D..(....##
≈≈..*≈≈(..*$
Q...≈≈≈(..#
...≈Q§.[..#
(..((Q.@..+
......>...#
..........#
............
.............
.....#.......#
.....#.......#
............##


You could see Sojobo, a fire dragon, 2 tengu reavers, a rakshasa and 2
battlespheres.

Vanquished Creatures
  The ghost of Vajrapani the Warrior, an adept OgEE of Sif Muna (D:15)
  A tentacled monstrosity (Swamp:3)
  Rupert (Orc:2)
  Asterion (Spider:1)
  Frances (D:13)
  Kirke (Swamp:3)
  4 thorn hunters
  Donald (Orc:2)
  Roxanne (Swamp:1)
  3 emperor scorpions
  A ghost moth (Spider:2)
  Aizul (Spider:1)
  An orc warlord (Orc:2)
  2 very ugly things (Swamp:4)
  2 green draconians (Swamp:1)
  Josephine (D:11)
  A green death (Swamp:4)
  Snorg (Lair:4)
  A death ooze (Swamp:4)
  2 hell beasts (Swamp:4)
  20 hydras
  A ghost crab (Swamp:3)
  A centaur warrior (D:14)
  8 two-headed ogres
  14 alligators
  2 vampire magi
  2 orc high priests (Orc:2)
  A thrashing horror (Swamp:4)
  A fire crab (shapeshifter) (D:14)
  A fire crab (Lair:6)
  2 unseen horrors
  A skeletal warrior (D:15)
  A large abomination (Swamp:4)
  2 spriggan druids
  4 shambling mangroves
  10 swamp dragons
  The ghost of miragecloak the Martial Artist, a novice OpTm of Ashenzari (D:8)
  2 orc knights
  6 orb spiders
  2 deep elf magi
  5 cyclopes
  An orc sorcerer (Orc:2)
  A necromancer (D:15)
  13 wolf spiders
  5 ugly things
  An oklob plant (Lair:1)
  A stone giant zombie (D:15)
  2 black mambas (Lair:3)
  A centaur zombie (D:15)
  A spriggan zombie (D:15)
  An orange demon (Swamp:4)
  A gargoyle (D:13)
  17 elephants
  A torpor snail (Spider:1)
  9 komodo dragons
  An efreet (D:13)
  16 spiny frogs
  2 rime drakes
  A guardian mummy (D:15)
  4 demonic crawlers
  A freezing wraith (D:14)
  7 trolls
  6 tyrant leeches
  11 jumping spiders
  A meliai (shapeshifter) (D:15)
  10 polar bears
  A polar bear (shapeshifter) (D:13)
  19 hornets
  4 dream sheep (Lair:6)
  31 slime creatures
  18 blink frogs
  An ice dragon zombie (D:15)
  A queen bee (Lair:2)
  11 bog bodies
  11 hippogriffs
  A dream sheep (shapeshifter) (D:14)
  2 meliai zombies
  6 shadows
  29 redbacks
  15 spriggans
  An ice dragon skeleton (D:15)
  A vampire (D:13)
  9 tarantellas
  4 wraiths
  31 yaks
  A hog (Swamp:3)
  4 wyverns
  A steam dragon (Lair:2)
  3 basilisks
  15 vampire mosquitoes
  3 wargs
  2 hungry ghosts
  9 insubstantial wisps
  Edmund (D:4)
  4 acid dragons
  22 swamp worms
  9 porcupines
  11 water moccasins
  2 sky beasts
  8 swamp drakes
  3 black bears
  A phantom (D:9)
  An eye of draining (D:13)
  40 orc warriors
  5 ice beasts
  2 necrophages
  28 wolves
  9 ogres
  5 boggarts (Lair:6)
  16 centaurs
  16 crocodiles
  5 big kobolds
  15 bullfrogs
  2 gnoll sergeants (D:9)
  A wyvern skeleton (D:12)
  4 scorpions
  31 killer bees
  7 wights
  3 electric eels
  6 crimson imps
  A quasit (D:6)
  12 hounds
  35 orc wizards
  24 orc priests
  9 centaur skeletons
  8 jellies
  2 bullfrog skeletons
  A gnoll shaman (D:10)
  Terence (D:3)
  6 iguanas
  10 worker ants
  4 hound skeletons
  A worker ant zombie (D:3)
  A howler monkey skeleton (D:8)
  6 gnolls
  9 adders
  4 shadow imps
  9 oozes
  3 adder skeletons
  An adder zombie (D:8)
  2 worms
  2 dart slugs
  4 leopard geckos
  91 orcs
  6 giant cockroaches
  11 hobgoblins
  20 jackals
  4 quokkas
  A ball python skeleton (D:4)
  6 bats
  9 frilled lizards
  6 goblins
  20 kobolds
  5 rats
  A butterfly (Lair:1)
  9 fungi
  7 plants
1072 creatures vanquished.

Vanquished Creatures (collateral kills)
  Nikola (Swamp:3)
  A green death (Swamp:4)
  An orc high priest (Orc:2)
  2 swamp dragons (Swamp:1)
  An orc sorcerer (Orc:2)
  A black mamba (Lair:3)
  An orange demon (Swamp:4)
  A jumping spider (Spider:1)
  A hornet (Swamp:3)
  2 slime creatures (D:12)
  A bog body (Swamp:3)
  A tarantella (Spider:1)
  2 redbacks (Spider:1)
  A spriggan (Swamp:3)
  A warg (D:10)
  4 orc warriors
  3 centaurs
  An orc priest (D:10)
  2 orc wizards
  2 gnolls (D:10)
  7 orcs
37 creatures vanquished.

Vanquished Creatures (others)
  An ugly thing (Swamp:4)
  An orange demon (Swamp:3)
  A spiny frog (Swamp:3)
  A jumping spider (Spider:1)
  A tyrant leech (Swamp:4)
  2 humans (Swamp:3)
  4 hogs (Swamp:3)
  A bush (Lair:3)
  A fire vortex (Lair:6)
  14 fungi
  6 plants
  6 toadstools (D:3)
39 creatures vanquished.

Grand Total: 1148 creatures vanquished

Notes
Turn   | Place    | Note
-------+----------+-------------------------------------------
     0 | D:1      | Mellonil the Minotaur Berserker began the quest for the Orb.
     0 | D:1      | Reached XP level 1. HP: 19/19 MP: 0/0
   440 | D:1      | Reached XP level 2. HP: 27/27 MP: 1/1
  1267 | D:2      | Reached XP level 3. HP: 31/33 MP: 2/2
  1569 | D:2      | Reached ** piety under Trog
  1997 | D:3      | Reached skill level 1 in Throwing
  2017 | D:3      | Reached XP level 4. HP: 41/41 MP: 3/3
  2544 | D:3      | Reached XP level 5. HP: 45/47 MP: 4/4
  2558 | D:3      | Noticed Terence
  2568 | D:3      | Killed Terence
  2568 | D:3      | Reached skill level 5 in Fighting
  2674 | D:3      | Reached skill level 5 in Axes
  2764 | D:3      | Reached *** piety under Trog
  3007 | D:3      | Reached XP level 6. HP: 35/56 MP: 5/5
  3441 | D:4      | Noticed Edmund
  3453 | D:4      | Killed Edmund
  3453 | D:4      | Reached skill level 5 in Armour
  3627 | D:4      | Reached XP level 7. HP: 63/63 MP: 6/6
  3735 | D:4      | Found a staircase to the Ecumenical Temple.
  3851 | D:4      | Found Qoipp's Antique Weapon Shop.
  4012 | D:5      | Entered Level 5 of the Dungeon
  4032 | D:5      | Found Icutocw's Gadget Shop.
  4073 | D:5      | Reached **** piety under Trog
  4220 | D:5      | Found a snail-covered altar of Cheibriados.
  5145 | D:6      | Reached XP level 8. HP: 73/73 MP: 7/7
  5669 | D:7      | Reached ***** piety under Trog
  5777 | D:7      | Found a sparkling altar of Nemelex Xobeh.
  5966 | D:8      | Reached XP level 9. HP: 75/82 MP: 8/8
  6094 | D:8      | Noticed miragecloak's ghost (novice OpTm)
  6103 | D:8      | Killed miragecloak's ghost
  6363 | D:8      | Noticed a two-headed ogre
  6371 | D:8      | Killed a two-headed ogre
  6371 | D:8      | Reached skill level 10 in Fighting
  6403 | D:8      | Reached skill level 5 in Throwing
  6706 | D:9      | Reached XP level 10. HP: 93/93 MP: 9/9
  6781 | D:9      | Reached skill level 10 in Axes
  6942 | D:9      | Received a gift from Trog
  7173 | D:9      | Found a staircase to the Orcish Mines.
  7393 | D:9      | Reached skill level 10 in Armour
  7542 | D:9      | Noticed a two-headed ogre
  7549 | D:9      | Killed a two-headed ogre
  7589 | D:10     | Entered Level 10 of the Dungeon
  7763 | D:10     | Found a staircase to the Lair.
  7842 | D:10     | Noticed a two-headed ogre
  7852 | D:10     | Killed a two-headed ogre
  7852 | D:10     | Reached XP level 11. HP: 53/103 MP: 10/10
  8578 | D:11     | Noticed Josephine
  8594 | D:11     | Killed Josephine
  8646 | D:11     | Noticed a two-headed ogre
  8660 | D:11     | Killed a two-headed ogre
  8794 | D:11     | Received a gift from Trog
  9296 | D:12     | Noticed a brown ugly thing
  9301 | D:12     | Killed a brown ugly thing
  9536 | D:12     | Noticed a red ugly thing
  9542 | D:12     | Killed a red ugly thing
  9770 | D:12     | Reached XP level 12. HP: 113/113 MP: 11/11
 10365 | D:13     | Noticed Frances
 10380 | D:13     | Killed Frances
 10672 | D:13     | Noticed a two-headed ogre
 10684 | D:13     | Killed a two-headed ogre
 11376 | D:13     | Received a gift from Trog
 11445 | Lair:1   | Entered Level 1 of the Lair of Beasts
 12283 | Lair:2   | Noticed a five-headed hydra
 12287 | Lair:2   | Killed a two-headed hydra
 12313 | Lair:2   | Noticed an eight-headed hydra
 12322 | Lair:2   | Killed a five-headed hydra
 12463 | Lair:2   | Noticed a seven-headed hydra
 12484 | Lair:2   | Killed a four-headed hydra
 12484 | Lair:2   | Reached XP level 13. HP: 53/125 MP: 12/12
 12773 | Lair:2   | Got a crystal war axe
 12803 | Lair:2   | Received a gift from Trog
 12846 | Lair:2   | Found a hole to the Spider Nest.
 13287 | Lair:2   | Found a staircase to the Swamp.
 13446 | Lair:2   | Paralysed by a hornet for 3 turns
 13450 | Lair:2   | Paralysed by a hornet for 3 turns
 14324 | Lair:3   | Reached skill level 15 in Fighting
 14724 | Lair:3   | Reached skill level 15 in Axes
 15441 | Lair:4   | Noticed Snorg
 15449 | Lair:4   | Killed Snorg
 15949 | Lair:5   | Received a gift from Trog
 15993 | Lair:5   | Reached XP level 14. HP: 136/136 MP: 4/13
 16051 | Lair:5   | Reached skill level 15 in Armour
 16211 | Lair:5   | Found a staircase to the Slime Pits.
 16722 | Lair:6   | Entered Level 6 of the Lair of Beasts
 17636 | Lair:6   | Reached ****** piety under Trog
 17824 | Lair:6   | Reached skill level 10 in Throwing
 18155 | Lair:6   | Received a gift from Trog
 18744 | Swamp:1  | Entered Level 1 of the Swamp
 18744 | Swamp:1  | Noticed a thorn hunter
 18756 | Swamp:1  | Killed a thorn hunter
 19613 | Orc:1    | Entered Level 1 of the Orcish Mines
 19619 | Orc:1    | Reached XP level 15. HP: 146/146 MP: 4/14
 20046 | Orc:2    | Entered Level 2 of the Orcish Mines
 20404 | Orc:2    | Found a roughly hewn altar of Beogh.
 20405 | Orc:2    | Found Tiepohoss's Gadget Shoppe.
 20517 | Orc:2    | Noticed Rupert
 20529 | Orc:2    | Killed Rupert
 20534 | Orc:2    | Received a gift from Trog
 20684 | Orc:2    | Noticed an orc warlord
 20690 | Orc:2    | Killed an orc warlord
 20860 | Orc:2    | Noticed Donald
 20868 | Orc:2    | Killed Donald
 20916 | Orc:2    | Found Xyaripso's Antique Weapon Shoppe.
 20917 | Orc:2    | Found a roughly hewn altar of Beogh.
 20918 | Orc:2    | Found Betud's Antique Armour Emporium.
 20957 | Orc:2    | Found a roughly hewn altar of Beogh.
 20973 | Orc:2    | Found a staircase to the Elven Halls.
 20997 | Orc:2    | Found a roughly hewn altar of Beogh.
 21030 | Orc:2    | Found a roughly hewn altar of Beogh.
 21188 | Orc:2    | Found a roughly hewn altar of Beogh.
 21189 | Orc:2    | Found Derchi's Gadget Boutique.
 21325 | Orc:2    | Gained mutation: You have sharp toenails. [potion of mutation]
 21325 | Orc:2    | Gained mutation: Armour fits poorly on your strangely shaped body. [potion of mutation]
 21325 | Orc:2    | Gained mutation: Your mind is acute. (Int +2) [potion of mutation]
 22272 | Swamp:1  | Noticed Roxanne
 22283 | Swamp:1  | Killed Roxanne
 22690 | Swamp:2  | Noticed a thorn hunter
 22703 | Swamp:2  | Killed a thorn hunter
 23432 | Swamp:3  | Received a gift from Trog
 23882 | Swamp:3  | Noticed Kirke
 23898 | Swamp:3  | Killed Kirke
 23965 | Swamp:3  | Reached XP level 16. HP: 117/157 MP: 5/15
 24162 | Swamp:3  | Noticed Nikola
 24174 | Swamp:3  | Killed Nikola
 24179 | Swamp:3  | Got a pair of jewelled gloves
 24299 | Swamp:3  | Identified the +2 pair of gloves of Past Mistakes {Dex+5} (You took it off Nikola on level 3 of the Swamp)
 24664 | Swamp:3  | Paralysed by a hornet for 1 turns
 24832 | Swamp:3  | Noticed a thorn hunter
 24842 | Swamp:3  | Killed a thorn hunter
 24951 | Swamp:4  | Entered Level 4 of the Swamp
 25279 | Swamp:4  | Noticed a thorn hunter
 25309 | Swamp:3  | Killed a thorn hunter
 25420 | Swamp:3  | Reached skill level 5 in Dodging
 25548 | Swamp:4  | Noticed a tentacled monstrosity
 25671 | Swamp:3  | Killed a tentacled monstrosity
 25673 | Swamp:3  | Received a gift from Trog
 26238 | Swamp:4  | Received a gift from Trog
 26542 | Swamp:4  | Got a decaying rune of Zot
 27047 | Spider:1 | Entered Level 1 of the Spider Nest
 27047 | Spider:1 | Noticed Aizul
 27054 | Spider:1 | Killed Aizul
 27347 | Spider:1 | Reached XP level 17. HP: 167/168 MP: 16/16
 27549 | Spider:1 | Noticed Asterion
 27567 | Spider:1 | Killed Asterion
 28174 | Spider:1 | Received a gift from Trog
 28568 | Spider:2 | Received a gift from Trog
 29351 | D:14     | Found a gate to the Vaults.
 29555 | D:14     | Got a translucent war axe
 29907 | D:14     | Identified the +1 war axe "Kodefum" {chop, Stlth+} (You found it on level 14 of the Dungeon)
 30041 | D:15     | Entered Level 15 of the Dungeon
 30152 | D:15     | Found a shattered altar of Ashenzari.
 30244 | D:15     | Found a staircase to the Depths.
 30377 | D:15     | Noticed Vajrapani's ghost (adept OgEE)
 30396 | D:15     | Killed Vajrapani's ghost
 30436 | D:15     | Found a sacrificial altar of Ru.
 30639 | D:15     | Found Roram's Food Shoppe.
 30744 | D:15     | Received a gift from Trog
 31513 | Depths:1 | Entered Level 1 of the Depths
 31525 | Depths:1 | Noticed Sojobo
 31525 | Depths:1 | HP: 1/170 [fire dragon/blast of flame (23)]
 31525 | Depths:1 | Killed from afar by Sojobo

Skill      XL: |  1  2  3  4  5  6  7  8  9 10 11 12 13 14 15 16 17 |
---------------+----------------------------------------------------+-----
Fighting       | 4 5 6 7 8 10 11 12 14 15 16 18 19 | 19.9
Axes           | 4 5 6 7 8 9 11 12 14 15 16 17 18 19 | 19.5
Armour         | 3 4 5 6 7 9 10 12 13 14 16 17 18 19 | 19.4
Throwing       | 1 2 3 4 5 6 7 8 9 10 | 10.5
Dodging        | 4 6 7 |  7.9

Action                   |  1- 3 |  4- 6 |  7- 9 | 10-12 | 13-15 | 16-18 || total
-------------------------+-------+-------+-------+-------+-------+-------++-------
Melee: Hand axe          |    80 |   125 |   124 |       |       |       ||   329
       Headbutt          |    10 |    28 |    42 |    94 |   258 |   163 ||   595
       War axe           |       |       |    91 |   367 |       |       ||   458
       Broad axe         |       |       |       |    64 |   288 |   162 ||   514
       Battleaxe         |       |       |       |       |    54 |       ||    54
       Executioner's axe |       |       |       |       |   690 |   372 ||  1062
Throw: Javelin           |    10 |    15 |    67 |    69 |       |       ||   161
       Tomahawk          |       |       |    24 |   151 |    94 |   251 ||   520
Invok: Berserk           |       |     2 |     2 |     3 |     7 |     3 ||    17
       Burn Spellbooks   |       |       |     2 |     2 |     3 |     1 ||     8
       Brothers in Arms  |       |       |       |     4 |     7 |     8 ||    19
  Use: Scroll            |       |     5 |     8 |    13 |    11 |     4 ||    41
       Potion            |       |       |       |     2 |    14 |     4 ||    20
 Stab: Distracted        |       |       |       |       |     2 |       ||     2
  Eat: Chunk             |     3 |     7 |    12 |    23 |    41 |    20 ||   106
       Fruit             |       |       |       |     1 |     5 |    12 ||    18
       Royal jelly       |       |       |       |       |     1 |       ||     1
Armor: Animal skin       |     1 |       |       |       |       |       ||     1
       Ring mail         |    24 |     6 |       |       |       |       ||    30
       Chain mail        |       |    43 |   134 |   237 |   588 |       ||  1002
       Plate armour      |       |       |       |       |   151 |   461 ||   612
Dodge: Dodged            |    39 |    47 |    88 |   176 |   500 |   351 ||  1201
